 Dungeon Crawl Stone Soup version 0.32-a0-996-gb3226c233f (webtiles) character file.

Game seed: 9186416337515014779

4 ytrimaz the Caller (level 1, -10/13 HPs)
             Began as a Demonspawn Summoner on Apr 24, 2024.
             Mangled by a goblin
             ... wielding a +2 dagger of electrocution
              (20 damage)
             ... on level 1 of the Dungeon.
             The game lasted 00:00:10 (177 turns).

ytrimaz the Caller (Demonspawn Summoner)             Turns: 177, Time: 00:00:11

Health: -10/13     AC:  2    Str:  8    XL:     1   Next: 50%
Magic:  1/3        EV: 11    Int: 15    God:
Gold:   0          SH:  0    Dex: 13    Spells: 3/4 levels left

rFire   . . .        (no weapon)
rCold   . . .        (no shield)
rNeg    . . .        a - +0 robe
rPois   .            (no helmet)
rElec   .            (no cloak)
rCorr   .            (no gloves)
SInv    .            (no boots)
Will    .....        (no amulet)
Stlth   ++           (no ring)
HPRegen 0.22/turn    (no ring)
MPRegen 0.08/turn

%: no passive effects
@: no status effects
A: no striking features
a: no special abilities


You were on level 1 of the Dungeon.
You visited 1 branch of the dungeon, and saw 1 of its levels.


   Skills:
 + Level 1.9 Dodging
 - Level 1.7 Stealth
 + Level 2.1 Spellcasting
 + Level 4.0 Summonings


You had 3 spell levels left.
You knew the following spells:

 Your Spells              Type           Power      Damage    Failure   Level
a - Summon Small Mammal   Summ           52%        N/A       4%          1

Your spell library contained the following spells:

 Spells                   Type           Power      Damage    Failure   Level
 Call Imp                 Summ           26%        N/A       6%          2
 Call Canine Familiar     Summ           13%        N/A       12%         3
 Summon Blazeheart Golem  Fire/Summ      7%         N/A       67%         4
 Summon Lightning Spire   Summ/Air       7%         N/A       67%         4

Inventory:

Armour
 a - a +0 robe (worn)
Scrolls
 c - a scroll of poison {unknown}
Potions
 b - a potion of magic

Dungeon Overview and Level Annotations

Branches:
Dungeon (1/15) Zot: 5822

Altars:

.........#.#.........#......
.........#...............
##.>.##..#...........#.#
#...##..#.....[........
#.......#.#...........#
#.<.....#.##...#....#..
#.......#......#)......
#..###..#...........#.#
##..# #..#.....r@S......
....# #..#.##..r#g......
....###..#. #..........#
.........# .............
#........#...........#.#
#........#..............
#..####..#..............
#..# #..#...... ....... #..#
#..#


You could see a goblin (ally target), a ball python and 2 friendly quokkas.


Message History

You lost 1 mp, and now have 2/3 mp.
Your bat barely misses the ball python.
The ball python closely misses your bat.
Your bat closely misses the ball python. 😎 MP[-1]
You lost 1 mp, and now have 1/3 mp.
Your bat disappears in a puff of smoke!
Your bat hits the ball python. The ball python barely misses your bat.
The ball python misses your bat.
Your bat barely misses the ball python.
The ball python bites your bat but does no damage.
The ball python grabs your bat. The ball python constricts your bat.
Your bat struggles to escape constriction. 😎 MP[-1]
You lost 1 mp, and now have 0/3 mp.
You hit the kobold.
Your bat closely misses the ball python.
Your bat escapes!
The ball python barely misses your bat. The ball python grabs your bat.
The ball python constricts your bat. The kobold hits you with a +0 dagger.
Your bat closely misses the ball python. 😕 HP[-2]
You take 2 damage, and now have 11/13 hp.
Unknown command.
You closely miss the kobold.
Your bat struggles to escape constriction. x2
The ball python bites your bat. The ball python constricts your bat.
Your bat dies!
Your bat's corpse disappears in a puff of smoke!
The kobold hits you but does no damage.
You barely miss the kobold.
Your quokka bites the kobold.
The kobold hits you with a +0 dagger. 😕 HP[-1]
You take 1 damage, and now have 10/13 hp.
You barely miss the kobold.
Your quokka closely misses the kobold.
The kobold barely misses you.
You barely miss the kobold.
Your quokka barely misses the kobold.
The ball python closely misses your quokka.
The ball python grabs your quokka. The ball python constricts your quokka.
The kobold barely misses you.
Your quokka closely misses the kobold.
Unknown command.
You hit the kobold but do no damage.
Your quokka bites the kobold.
The kobold dies!
The ball python bites your quokka.
The ball python constricts your quokka. 😕 HP[+1]
A kobold comes into view. It is wielding a +0 whip.
The kobold shouts!
Your quokka bites the ball python.
The ball python dies!
You see here a +0 dagger.
Unknown command. 😕 MP[+1] Unknown command.
A kobold is nearby!
The kobold hits you with a +0 whip. 😕 HP[-1]
You take 1 damage, and now have 10/13 hp.
You completely miss the kobold.
Your quokka closely misses the kobold.
The kobold barely misses you.
You barely miss the kobold.
Your quokka bites the kobold but does no damage.
The kobold closely misses you.
Unknown command.
You hit the kobold. Your quokka misses the kobold.
The kobold hits you but does no damage.
You closely miss the kobold.
Your quokka closely misses the kobold.
The kobold hits you but does no damage.
Your quokka bites the kobold.
The kobold dies! 😕 HP[+1] MP[-1]
You lost 1 mp, and now have 0/3 mp.
You are out of magic!
Unknown command.
You see here a +0 whip.
Your quokka disappears in a puff of smoke!
You swap places.
You see here a +0 ring mail.
Your bat disappears in a puff of smoke!
Key pressed, stopping explore.
A goblin comes into view.
It is wielding a +2 dagger of electrocution. 😎 HP[+2] MP[+3]
Your hp is fully restored (13).
Your mp is fully restored (3).
A goblin is nearby!
A goblin is nearby!
A ball python comes into view.
The goblin shouts!
The ball python hisses angrily. 😎 MP[-1]
You lost 1 mp, and now have 2/3 mp. 😎 MP[-1]
You lost 1 mp, and now have 1/3 mp.
The goblin hits you with a +2 dagger of electrocution. 😕 HP[-1]
You take 1 damage, and now have 12/13 hp.
Unknown command.
You hit the ball python. Your punch misses the ball python.
The ball python bites you. The ball python completely misses you.
The goblin hits you with a +2 dagger of electrocution.
You are electrocuted!!
Ouch! That really hurt!
You die...

Action                     || total
---------------------------++-------
  Melee: Unarmed           ||    11
   Cast: Summon Small Mamm ||     8
 Armour: Robe              ||     9
  Dodge: Dodged            ||     9

Levels and vault maps discovered:
D:1:      dpeg_arrival_boxorama, layout_basic

Notes
Turn   | Place    | Note
-------+----------+-------------------------------------------
     0 | D:1      | ytrimaz the Demonspawn Summoner began the quest for the
                  | Orb.
     0 | D:1      | Reached XP level 1. HP: 13/13 MP: 3/3
     0 | D:1      | magus.rc [v1.9.6]
   177 | D:1      | Mangled by a goblin

Vanquished Creatures (collateral kills)
  A ball python (D:1)
  2 kobolds (D:1)
  A bat (D:1)
4 creatures vanquished.

Table legend:
 A = Non-vault XP
 B = Vault XP
 C = Vault XP percentage of total XP
 D = Non-vault monster count
 E = Vault monster count
 F = Vault count percentage of total count
                 A         B        C        D         E       F
            +---------+---------+-------+---------+---------+-------
      Total |       6 |       0 |   0.0 |       4 |       0 |   0.0
            +---------+---------+-------+---------+---------+-------
        D:1 |       6 |       0 |   0.0 |       4 |       0 |   0.0
            +---------+---------+-------+---------+---------+-------

Action                     || total
---------------------------++-------
  Melee: Unarmed           ||    11
   Cast: Summon Small Mamm ||     8
 Armour: Robe              ||     9
  Dodge: Dodged            ||     9

Illustrated notes

Table legend:
 A = Kills in this place as a percentage of kills in the entire game.
 B = Kills by you in this place as a percentage of kills by you in the entire game.
 C = Kills by friends in this place as a percentage of kills by friends in the entire game.
 D = Other kills in this place as a percentage of other kills in the entire game.
 E = Experience gained in this place as a percentage of experience gained in the entire game.
 F = Experience gained in this place divided by the number of levels of this place that you have seen.
                   A       B       C       D       E      F
               +-------+-------+-------+-------+-------+----------------------
         Total | 100.0 |   N/A | 100.0 |   N/A | 100.0 |   6.0
       Dungeon | 100.0 |   N/A | 100.0 |   N/A | 100.0 |   6.0
               +-------+-------+-------+-------+-------+----------------------

Table legend: (Time is in decaauts)
 A = Elapsed time spent in this place.
 B = Non-inter-level travel time spent in this place.
 C = Inter-level travel time spent in this place.
 D = Time resting spent in this place.
 E = Time spent auto-exploring this place.
 F = Levels seen in this place.
 G = Mean time per level.
                   A        B        C        D        E       F      G
               +--------+--------+--------+--------+--------+-----+--------+
         Total |    177 |    177 |      0 |      0 |    137 |   1 |  177.0 |
       Dungeon |    177 |    177 |      0 |      0 |    137 |   1 |  177.0 |
               +--------+--------+--------+--------+--------+-----+--------+

Top non-repeatable levels by time:
     D:1: 177 daAuts
